 Dungeon Crawl Stone Soup version 0.27-a0-1308-gc08437e49b (webtiles) character file.

Game seed: 5520530127774863992

41 Gwenloh the Gusty (level 3, 0/19 HPs)
             Began as a Tengu Air Elementalist on June 18, 2021.
             Frozen to death by an endoplasm (5 damage)
             ... on level 1 of the Dungeon.
             The game lasted 00:04:22 (1027 turns).

Gwenloh the Gusty (Tengu Air Elementalist)          Turns: 1027, Time: 00:04:22

Health: 0/19       AC:  2    Str:  8    XL:     3   Next: 52%
Magic:  2/7        EV: 12    Int: 16    God:
Gold:   14         SH:  0    Dex: 14    Spells: 3/6 levels left

rFire    . . .     SeeInvis .   d - +0 dagger
rCold    . . .     Faith    .   (no shield)
rNeg     . . .     Spirit   .   a - +0 robe
rPois    .         Reflect  .   (helmet restricted)
rElec    .         Harm     .   (no cloak)
rCorr    .         Rampage  .   (no gloves)
Will     .....                  (boots unavailable)
Stlth    ++........             (no amulet)
HPRegen  0.06/turn              (no ring)
MPRegen  0.10/turn              (no ring)

@: no status effects
A: beak, talons 3
a: no special abilities


You were on level 1 of the Dungeon.
You visited 1 branch of the dungeon, and saw 1 of its levels.

You collected 14 gold pieces.

Inventory:

Hand Weapons
 b - a +0 club
 d - a +0 dagger (weapon)
Missiles
 c - 8 curare-tipped darts
Armour
 a - a +0 robe (worn)
Scrolls
 f - 3 scrolls of immolation {unknown}
 g - a scroll of identify {unknown}
Potions
 e - a potion of magic {unknown}


   Skills:
 - Level 2.1 Dodging
 - Level 2.0 Stealth
 + Level 2.3 Spellcasting
 - Level 1.9 Conjurations
 * Level 5.4 Air Magic


You had 3 spell levels left.
You knew the following spells:

 Your Spells              Type           Power      Damage    Failure   Level
a - Shock                 Conj/Air       52%        1d6       4%          1
b - Static Discharge      Conj/Air       13%        N/A       7%          2

Your spell library contained the following spells:

 Spells                   Type           Power      Damage    Failure   Level
 Swiftness                Air            19%        N/A       6%          3
 Airstrike                Air            9%         N/A       22%         4
 Lightning Bolt           Conj/Air       6%         1d18      77%         5


Dungeon Overview and Level Annotations

Branches:
Dungeon (1/15)

Altars:


Innate Abilities, Weirdness & Mutations

You have a beak for a mouth.
You have claws for feet.


Message History

Unknown command.
You hit the giant cockroach. You claw the giant cockroach.
Your peck misses the giant cockroach.
The giant cockroach is almost dead.
The giant cockroach bites you.
You hit the giant cockroach.
You kill the giant cockroach!
You hit the endoplasm.
The endoplasm is lightly wounded.
The endoplasm freezes you.
You are frozen.
Casting: Shock (safe; 4% risk of failure)
Confirm with . or Enter, or press ? or * to list all spells.
You don't have enough magic to cast this spell.
Aiming: Shock (safe; 4% risk of failure)
Press: ? - help, Q - select action, (/) - cycle Shift-Dir - straight line You miscast Shock.
You are very lightly contaminated with residual magic.
Nothing appears to happen.
The endoplasm hits you. The endoplasm barely misses you.
You see here a jackal corpse.
Your magical contamination has completely faded away.
You see here a giant cockroach corpse.
Things that are here:
a +0 club; a goblin corpse A goblin comes into view.
It is wielding a +0 dagger.
The endoplasm freezes you.
You are frozen.
The endoplasm barely misses you. The endoplasm misses you.
Really glid into that dispersal trap?
You enter a dispersal trap!
The endoplasm blinks! x3; You blink.
The endoplasm freezes you.
You are frozen.
* * * LOW HITPOINT WARNING * * *
You see here a +0 dagger.
The endoplasm freezes you.
You are frozen.
You die...

..# #.# #>#
#.### #.# #.#..
###.# ###.#.#
#### #...#
#...#.# #...#
#.#.# #.###.#
#.. #.†.# #.#
#.# ...# ##†##
#.# #.# #
#)####.###@##.#
# #
#....^...J)...#
##.##
#..###†###.##.#
..... #..# #.#
#.# # #....
#..# #.. ...
#..## #..#
#######. #. #
#... #. #. #
##.## .# #†.##
#.# # #....


You could see an endoplasm.

Vanquished Creatures
  A dart slug (D:1)
  An endoplasm (D:1)
  2 giant cockroaches (D:1)
  2 goblins (D:1)
  A hobgoblin (D:1)
  12 jackals (D:1)
  2 quokkas (D:1)
  2 ball pythons (D:1)
  3 bats (D:1)
  A frilled lizard (D:1)
  A kobold (D:1)
  7 rats (D:1)
35 creatures vanquished.

Notes
Turn   | Place    | Note
-------+----------+-------------------------------------------
     0 | D:1      | Gwenloh the Tengu Air Elementalist began the quest for the
                  | Orb.
     0 | D:1      | Reached XP level 1. HP: 10/10 MP: 4/4
   210 | D:1      | Reached XP level 2. HP: 13/15 MP: 0/6
   213 | D:1      | Learned a level 2 spell: Static Discharge
   576 | D:1      | Found a faded altar of an unknown god.
   616 | D:1      | Reached skill level 5 in Air Magic
   641 | D:1      | Reached XP level 3. HP: 19/19 MP: 3/7
  1027 | D:1      | Frozen to death by an endoplasm

Illustrated notes

Levels and vault maps discovered:
D:1:      minmay_arrival_cross, layout_loops_ring,
          hellmonk_ecumenical_altar_dog_temple, minmay_tetromino_o2

Skill      XL: |  1  2 |
---------------+-------+-----
Air Magic      | 5 |  5.4
Dodging        | |  2.1
Stealth        | |  2.0
Spellcasting   | |  2.3
Conjurations   | |  1.9

Action                   || total
-------------------------++-------
Melee: Peck              ||     2
       Unarmed           ||     1
       Club              ||     6
       Dagger            ||     8
       Kick              ||     2
 Cast: Shock             ||    64
 Stab: Sleeping          ||     1
Armor: Robe              ||     8
Dodge: Dodged            ||    22

Table legend: (Time is in decaauts)
 A = Elapsed time spent in this place.
 B = Non-inter-level travel time spent in this place.
 C = Inter-level travel time spent in this place.
 D = Time resting spent in this place.
 E = Time spent auto-exploring this place.
 F = Levels seen in this place.
 G = Mean time per level.
                   A        B        C        D        E       F      G
               +--------+--------+--------+--------+--------+-----+--------+
         Total |   1027 |   1027 |      0 |    218 |    643 |   1 | 1027.0 |
       Dungeon |   1027 |   1027 |      0 |    218 |    643 |   1 | 1027.0 |
               +--------+--------+--------+--------+--------+-----+--------+

Top non-repeatable levels by time:
     D:1: 1027 daAuts
